 Dungeon Crawl Stone Soup version 0.19-a0-1719-g84977a8 (webtiles) character file.

21842 Ryco the Severer (level 12, -6/168 HPs)
             Began as a Minotaur Berserker on Sept 29, 2016.
             Was an Elder of Trog.
             Mangled by a dire elephant (16 damage)
             ... on level 6 of the Lair of Beasts.
             The game lasted 00:31:17 (4016 turns).

Ryco the Severer (Minotaur Berserker)               Turns: 4016, Time: 00:31:17

Health: -6/168     AC: 19    Str: 32    XL:     12   Next: 57%
Magic:  11/11      EV: 12    Int:  9    God:    Trog [****..]
Gold:   546        SH:  0    Dex: 13    Spells: 0 memorised, 11 levels left

rFire  . . .     SeeInvis .     a - +6 battleaxe "Lith" {flame, Int+5 Stlth+}
rCold  . . .     Gourm    .     H - +2 storm dragon armour
rNeg   . . .     Faith    .     (shield currently unavailable)
rPois  .         Spirit   .     (helmet restricted)
rElec  +         Dismiss  .     (no cloak)
rCorr  .         Reflect  .     (no gloves)
MR     .....     Harm     .     (no boots)
Stlth  ..........               (no amulet)
                                K - +3 ring of dexterity
                                (no ring)

@: berserking (expiring), very quick
A: retaliatory headbutt, horns 2
a: Berserk, Trog's Hand, Brothers in Arms, Burn Spellbooks, Renounce Religion


You were on level 6 of the Lair of Beasts.
You worshipped Trog.
Trog was greatly pleased with you.
You were not hungry.

You visited 2 branches of the dungeon, and saw 17 of its levels.

You collected 618 gold pieces.
You spent 72 gold pieces at shops.

Inventory:

Hand Weapons
 a - the +6 battleaxe "Lith" (weapon) {flame, Int+5 Stlth+}
   (You found it on level 6 of the Lair of Beasts)

   It has been specially enchanted to burn those struck by it, causing extra
   injury to most foes and up to half again as much damage against particularly
   susceptible opponents.
   Big, fiery blades are also staple armaments of hydra-hunters.
   It affects your intelligence (+5).
   It makes you more stealthy.
 b - the +9 war axe of the Living Dead {venom, *Corrode Int+7}
   (You found it on level 7 of the Dungeon)

   It poisons the flesh of those it strikes.
   It affects your intelligence (+7).
   It may corrode you when you take damage.
Missiles
 l - 10 tomahawks (quivered)
Armour
 H - a +2 storm dragon armour (worn)
Jewellery
 k - an uncursed ring of fire
 E - an uncursed ring of flight
 K - a +3 ring of dexterity (right hand)
Wands
 g - a wand of slowing (23/48)
 m - a wand of teleportation (9/9)
 q - a wand of paralysis (9/24)
 t - a wand of random effects (24/48)
 y - a wand of slowing (27/48)
 B - a wand of acid (3/15)
 C - a wand of flame (38/48)
 I - a wand of iceblast (11/15)
Scrolls
 i - a scroll of amnesia {unknown}
 j - 2 scrolls of fog
 n - 2 scrolls of enchant weapon {unknown}
 o - 2 scrolls of remove curse
 z - a scroll of noise
Potions
 d - 5 potions of lignification
 e - 2 potions of agility
 h - 2 potions of mutation
 p - 2 potions of brilliance
 r - 2 potions of flight
 s - 2 potions of heal wounds
 u - a potion of might
 v - 3 potions of degeneration {unknown}
 x - a potion of haste {unknown}
 D - 2 potions of curing {unknown}
Books
 w - a book of Cantrips

   Spells                             Type                      Level
   a - Confusing Touch                Hexes                        1
   b - Animate Skeleton               Necromancy                   1
   c - Summon Small Mammal            Summoning                    1
   d - Apportation                    Translocation                1
   Trog disapproves of the use of such an item.
Comestibles
 c - 6 bread rations
 f - 4 meat rations
 A - 28 fruits
 J - a beef jerky


   Skills:
 + Level 12.3 Fighting
 + Level 16.3 Axes
 + Level 0.6 Throwing
 * Level 13.3 Armour
 + Level 4.8 Dodging
 + Level 0.5 Evocations


You had 11 spell levels left.
You didn't know any spells.

Dungeon Overview and Level Annotations

Branches:
Dungeon (11/15)            Temple (0/1) D:7            Lair (6/6) D:11
 Spider (0/4) Lair:4        Slime (0/5) Lair:6
  Swamp: Lair:2-4    Shoals: Lair:2-4       Orc: D:9-12

Altars:
Dithmenos
Okawaru
Sif Muna

Shops:
D:5 (   D:9 =

Annotations:
Lair:6 exclusion: oklob plant


Innate Abilities, Weirdness & Mutations

You reflexively headbutt those who attack you in melee.
You have a pair of horns on your head.


Message History

Your skin stops crawling.
You feel less resistant to hostile enchantments.
The dire elephant tramples you!!
* * * LOW HITPOINT WARNING * * *
You stumble backwards!
Splash!
You fall into the shallow water.
Moving in this stuff is going to be slow.
Your unstable footing causes you to fumble your attack.
The dire elephant barely misses you. x2
Unknown command.
Your unstable footing causes you to fumble your attack.
The dire elephant tramples you!
* * * LOW HITPOINT WARNING * * *
You hold your ground!
The dire elephant trunk-slaps you but does no damage.
You slash the dire elephant! You burn the dire elephant.
The dire elephant is heavily wounded.
The dire elephant tramples you!
You die...

#.#####...#
##.#..'..###
#.P#..'.##
#.##..#.#
###.#...###
#...#8.8#
##.####'##
......#..#≈P..##
........#.##≈≈≈Y@#
.#......#.#≈≈≈≈†≈#
#.......#.#.≈≈≈≈≈#
##......#.##.≈≈≈##
#.......#.####''##
#.......#.8##....#
........'..8#....#
........'.⌠.#....#
........'..8#..((#


You could see a dire elephant.

Vanquished Creatures
  2 dire elephants (Lair:6)
  An anaconda (Lair:6)
  4 death yaks
  An unseen horror (shapeshifter) (D:10)
  A hill giant (D:10)
  A lindwurm (Lair:6)
  2 cyclopes (D:11)
  Maurice (D:10)
  A torpor snail (Lair:3)
  A black mamba (Lair:3)
  4 spiny frogs
  A rime drake (Lair:6)
  A polar bear (Lair:6)
  2 trolls
  Prince Ribbit (Lair:3)
  6 blink frogs
  3 hippogriffs
  2 redbacks (Lair:4)
  21 yaks
  A basilisk (Lair:4)
  5 porcupines
  3 water moccasins
  2 ice beasts (D:6)
  2 ogres
  2 sky beasts
  4 orc warriors
  2 phantoms
  9 wolves
  12 centaurs
  A big kobold (D:9)
  3 crocodiles
  A gnoll sergeant (D:9)
  8 bullfrogs
  A water moccasin zombie (D:7)
  2 scorpions
  8 killer bees
  An electric eel (Lair:3)
  9 wights (D:10)
  A bullfrog zombie (D:5)
  5 crimson imps
  A centaur zombie (D:5)
  3 hounds
  4 jellies
  5 orc priests
  Jessica (D:2)
  An iguana (D:8)
  10 orc wizards
  A hound skeleton (D:8)
  2 worker ant zombies
  3 gnolls (D:9)
  12 river rats
  2 adder zombies
  A worm (D:3)
  2 leopard geckos
  33 orcs
  3 goblins
  5 hobgoblins
  10 jackals
  4 quokkas
  A bat (D:3)
  A frilled lizard (D:2)
  A kobold (D:1)
  A leopard gecko zombie (D:6)
  2 rats
  A fungus (Lair:4)
  A plant (Lair:6)
249 creatures vanquished.

Vanquished Creatures (others)
  2 fungi
  2 plants (Lair:6)
4 creatures vanquished.

Grand Total: 253 creatures vanquished

Notes
Turn   | Place    | Note
-------+----------+-------------------------------------------
     0 | D:1      | Ryco the Minotaur Berserker began the quest for the Orb.
     0 | D:1      | Reached XP level 1. HP: 19/19 MP: 0/0
    45 | D:2      | Reached skill level 4 in Axes
    48 | D:2      | Reached XP level 2. HP: 21/27 MP: 1/1
   232 | D:3      | Found an iron altar of Okawaru.
   285 | D:2      | Reached XP level 3. HP: 19/33 MP: 2/2
   363 | D:2      | Noticed Jessica
   373 | D:2      | Killed Jessica
   373 | D:2      | Reached skill level 5 in Axes
   549 | D:4      | Noticed a scorpion
   561 | D:4      | Killed a scorpion
   561 | D:4      | Reached XP level 4. HP: 35/41 MP: 3/3
   563 | D:4      | Reached skill level 6 in Axes
   563 | D:4      | Reached XP level 5. HP: 39/47 MP: 4/4
   689 | D:5      | Entered Level 5 of the Dungeon
   705 | D:5      | Found Hegil's Antique Weapon Shoppe.
   733 | D:5      | Bought a runed hand axe for 72 gold pieces
   796 | D:5      | Reached ** piety under Trog
   840 | D:5      | Noticed a centaur
   847 | D:5      | Killed a centaur
   847 | D:5      | Reached skill level 7 in Axes
   847 | D:5      | Reached XP level 6. HP: 44/53 MP: 5/5
   969 | D:5      | Reached skill level 8 in Axes
   998 | D:6      | Noticed an ice beast
  1012 | D:6      | Killed an ice beast
  1012 | D:6      | Reached XP level 7. HP: 38/60 MP: 6/6
  1042 | D:5      | Reached skill level 5 in Fighting
  1051 | D:5      | Reached skill level 9 in Axes
  1193 | D:7      | Found a shadowy altar of Dithmenos.
  1231 | D:7      | Found a staircase to the Ecumenical Temple.
  1253 | D:7      | Got a dazzling war axe
  1254 | D:7      | Identified the +9 war axe of the Living Dead {venom, *Corrode Int+7} (You found it on level 7 of the Dungeon)
  1318 | D:6      | Reached skill level 10 in Axes
  1323 | D:6      | Reached XP level 8. HP: 59/68 MP: 7/7
  1351 | D:6      | Reached *** piety under Trog
  1403 | D:7      | Reached skill level 11 in Axes
  1617 | D:8      | Noticed a hippogriff
  1622 | D:8      | Killed a hippogriff
  1622 | D:8      | Reached skill level 12 in Axes
  1710 | D:9      | Reached XP level 9. HP: 75/75 MP: 8/8
  1730 | D:9      | Noticed a troll
  1739 | D:9      | Killed a troll
  1936 | D:10     | Entered Level 10 of the Dungeon
  1962 | D:10     | Killed an unseen horror
  1962 | D:10     | Reached skill level 13 in Axes
  1962 | D:10     | Reached skill level 5 in Armour
  2001 | D:10     | Reached **** piety under Trog
  2017 | D:10     | Noticed a hill giant
  2033 | D:10     | Noticed Maurice
  2034 | D:10     | Killed a hill giant
  2034 | D:10     | Reached skill level 14 in Axes
  2040 | D:10     | Reached XP level 10. HP: 86/86 MP: 9/9
  2045 | D:10     | Killed Maurice
  2065 | D:10     | Reached skill level 15 in Axes
  2271 | D:9      | Found Mipycy's Jewellery Shoppe.
  2450 | D:11     | Noticed a cyclops
  2472 | D:11     | Killed a cyclops
  2472 | D:11     | Reached XP level 11. HP: 21/97 MP: 10/10
  2529 | D:11     | Reached skill level 16 in Axes
  2588 | D:11     | Noticed a death yak
  2613 | D:11     | Killed a death yak
  2634 | D:11     | Found a staircase to the Lair.
  2739 | Lair:1   | Entered Level 1 of the Lair of Beasts
  2739 | Lair:1   | Found a deep blue altar of Sif Muna.
  2769 | Lair:2   | Reached skill level 10 in Fighting
  3360 | Lair:3   | Noticed Prince Ribbit
  3366 | Lair:3   | Reached ***** piety under Trog
  3366 | Lair:3   | Reached skill level 10 in Armour
  3367 | Lair:3   | Killed Prince Ribbit
  3417 | Lair:4   | Found a hole to the Spider Nest.
  3594 | Lair:5   | Noticed a death yak
  3594 | Lair:5   | Noticed a death yak
  3594 | Lair:5   | Noticed a death yak
  3602 | Lair:5   | Killed a death yak
  3610 | Lair:5   | Killed a death yak
  3610 | Lair:5   | Reached XP level 12. HP: 80/110 MP: 11/11
  3622 | Lair:5   | Killed a death yak
  3668 | Lair:6   | Entered Level 6 of the Lair of Beasts
  3812 | Lair:6   | Found a staircase to the Slime Pits.
  3937 | Lair:6   | Noticed an anaconda
  3948 | Lair:6   | Killed an anaconda
  3959 | Lair:6   | Noticed a dire elephant
  3959 | Lair:6   | Noticed a dire elephant
  3970 | Lair:6   | Killed a dire elephant
  3972 | Lair:6   | Killed a dire elephant
  3989 | Lair:6   | Got a jewelled battleaxe
  3990 | Lair:6   | Identified the +6 battleaxe "Lith" {flame, Int+5 Stlth+} (You found it on level 6 of the Lair of Beasts)
  4005 | Lair:6   | Noticed a dire elephant
  4016 | Lair:6   | Mangled by a dire elephant

Vault maps used:
D:1:      roderic_chinese_lattice_arrival, serial_curves, eino_curves_01,
          eino_curves_01, eino_curves_03, eino_curves_03, corexii_hall_statues_x
D:2:      serial_undead, serial_undead_f, serial_undead_d, serial_undead_e,
          serial_undead_e, first_bread, uniq_jessica
D:3:      lemuel_crystal_altar
D:4:      elyvilon_altar_3, uniq_menkaure
D:5:      led_sif_pool, serial_shops, nicolae_shop_overgrown_old_shop
D:7:      nicolae_dithmenos_shadow_blocks
D:8:      gammafunk_temple_overflow_pools
D:9:      david_orc_4, serial_shops, shop, blue_anna_alchemist
D:10:     feat_on_display, uniq_maurice
D:11:     dpeg_lair_monsters, basic_altar, minmay_sticks_and_stones
Lair:1:   basic_altar, grunt_megastairs_2
Lair:2:   minmay_swamp_entry_wisps, wad_woods_road_01, wad_woods_antlair
Lair:3:   infiniplex_staircase_pool, grunt_megastairs_3, lemuel_fruit_fields,
          uniq_prince_ribbit2
Lair:4:   spider_nest_entry_webs
Lair:5:   basic_altar
Lair:6:   due_jungle_book, minmay_slime_entry_oklob_open

Skill      XL: |  1  2  3  4  5  6  7  8  9 10 11 12 |
---------------+-------------------------------------+-----
Axes           | 4 5 6 7 8 10 12 14 15 16 | 16.3
Fighting       | 4 5 6 7 9 11 12 | 12.3
Armour         | 3 4 5 7 11 13 | 13.3
Dodging        | 3 4 |  4.8
Throwing       | |  0.6
Evocations     | |  0.5

Action                   |  1- 3 |  4- 6 |  7- 9 | 10-12 || total
-------------------------+-------+-------+-------+-------++-------
Melee: Hand axe          |    53 |    67 |    46 |       ||   166
       Headbutt          |    11 |    15 |    19 |    79 ||   124
       War axe           |       |       |   102 |   313 ||   415
       Battleaxe         |       |       |       |     5 ||     5
Throw: Tomahawk          |       |       |     2 |       ||     2
Invok: Trog's Hand       |       |     1 |     2 |    16 ||    19
       Berserk           |       |       |     2 |     3 ||     5
Evoke: Wand              |       |       |     2 |       ||     2
  Use: Scroll            |       |       |     4 |    17 ||    21
       Potion            |       |       |     1 |     1 ||     2
  Eat: Chunk             |       |       |     5 |     5 ||    10
       Fruit             |       |       |     1 |     5 ||     6
       Royal jelly       |       |       |       |     2 ||     2
       Beef jerky        |       |       |       |     3 ||     3
Armor: Animal skin       |     9 |     5 |       |       ||    14
       Plate armour      |       |    33 |    72 |   101 ||   206
       Skin              |       |       |    35 |       ||    35
       Storm dragon armo |       |       |       |    48 ||    48
Dodge: Dodged            |    33 |    30 |    39 |   129 ||   231
